 Dungeon Crawl Stone Soup version 0.28.0-53-g5a82cb258f (webtiles) character file.

Game seed: 14738365620414180974

24483 raph the Geomancer (level 12, -7/64 HPs)
             Began as a Deep Elf Earth Elementalist on Aug 15, 2022.
             Was a High Priest of Kikubaaqudgha.
             Mangled by a death yak (17 damage)
             ... on level 3 of the Lair of Beasts.
             The game lasted 00:31:19 (18095 turns).

raph the Geomancer (Deep Elf Earth Elementalist)   Turns: 18095, Time: 00:31:19

Health: -7/64      AC: 12    Str:  8    XL:     12   Next: 81%
Magic:  23/28      EV: 15    Int: 36    God:    Kikubaaqudgha [*****.]
Gold:   732        SH:  0    Dex: 15    Spells: 2/32 levels left

rFire   + + .      SeeInvis .   a - +4 rapier (freeze)
rCold   . . .      Faith    .   (no shield)
rNeg    . . .      Spirit   .   B - +0 acid dragon scales
rPois   +          Reflect  .   f - +1 helmet
rElec   +          Harm     .   (no cloak)
rCorr   +          Rampage  .   q - +2 pair of gloves {Str+3}
Will    +....      NoTele   +   o - +0 pair of boots of Duck's Teeth {-Tele rPois rF++ rCorr}
Stlth   ++++......              (no amulet)
HPRegen 0.20/turn               n - +6 ring of intelligence
MPRegen 0.21/turn               v - ring "Laafelad" {*Corrode rElec Int+4 Slay+4}

@: no status effects
A: no striking features
a: Renounce Religion, Receive Corpses, Torment


You were on level 3 of the Lair of Beasts.
You worshipped Kikubaaqudgha.
Kikubaaqudgha was extremely pleased with you.
You visited 3 branches of the dungeon, and saw 16 of its levels.
You also visited: Sewer.

You collected 821 gold pieces.
You spent 89 gold pieces at shops.

Inventory:

Hand Weapons
 a - a +4 rapier of freezing (weapon)
 d - a +0 short sword
Missiles
 c - 276 stones
 y - 2 throwing nets
Armour
 b - a +0 robe
 f - a +1 helmet (worn)
 o - the +0 pair of boots of Duck's Teeth (worn) {-Tele rPois rF++ rCorr}
   (You found it on level 9 of the Dungeon)

   rF:        It greatly protects you from fire.
   rPois:     It protects you from poison.
   -Tele:     It prevents most forms of teleportation.
   rCorr:     It protects you from acid and corrosion.
 q - a +2 pair of gloves of strength (worn)
 z - a +0 troll leather armour
 B - +0 acid dragon scales (worn)
Magical Staves
 x - a staff of earth
Jewellery
 i - a ring of protection from fire
 n - a +6 ring of intelligence (left hand)
 v - the ring "Laafelad" (right hand) {*Corrode rElec Int+4 Slay+4}
   (You found it on level 8 of the Dungeon)

   [ring of slaying]

   Int:       It affects your intelligence (+4).
   Slay:      It affects your accuracy & damage with ranged weapons and melee
   (+4).
   rElec:     It insulates you from electricity.
   *Corrode:  It may corrode you when you take damage.
Wands
 D - a wand of iceblast (6)
 E - a wand of digging (9)
 F - a wand of acid (7)
 G - a wand of charming (6)
 H - a wand of mindburst (7)
Scrolls
 m - 4 scrolls of teleportation
 p - 3 scrolls of magic mapping
 A - 3 scrolls of amnesia
 C - a scroll of identify
 I - a scroll of blinking
Potions
 g - a potion of invisibility
 h - 5 potions of curing
 j - 5 potions of attraction
 k - 3 potions of lignification
 l - 3 potions of degeneration
 r - a potion of cancellation
 s - 3 potions of brilliance
 t - a potion of ambrosia {unknown}
 u - 2 potions of flight
 w - 2 potions of haste


   Skills:
 + Level 3.0 Fighting
 * Level 5.3 Short Blades
 + Level 9.9 Dodging
 + Level 10.6 Stealth
 + Level 10.7 Spellcasting
 - Level 5.4 Summonings
 * Level 9.5 Necromancy
 - Level 1.1 Transmutations
 - Level 6.0 Ice Magic
 * Level 12.8 Earth Magic


You had 2 spell levels left.
You knew the following spells:

 Your Spells              Type           Power      Damage    Failure   Level
a - Sandblast             Erth           100%       2d20      1%          1
b - Passwall              Tmut/Erth      51%        N/A       1%          2
c - Stone Arrow           Conj/Erth      100%       3d13      1%          3
d - Borgnjor's Vile Clut  Necr/Erth      39%        N/A       1%          5
e - Animate Skeleton      Necr           100%       N/A       1%          1
f - Sublimation of Blood  Necr           73%        N/A       1%          2
g - Agony                 Necr           73%        N/A       2%          5
h - Frozen Ramparts       Ice            100%       1d12      1%          3
i - Summon Ice Beast      Ice/Summ       57%        N/A       3%          4
j - Anguish               Hex/Necr       26%        N/A       5%          4

Your spell library contained the following spells:

 Spells                   Type           Power      Damage    Failure   Level
 Freeze                   Ice            100%       1d11      1%          1
 Pain                     Necr           100%       1d9       1%          1
 Ensorcelled Hibernation  Hex/Ice        82%        N/A       1%          2
 Animate Dead             Necr           36%        N/A       1%          4
 Dispel Undead            Necr           73%        3d24      1%          4
 Petrify                  Tmut/Erth      62%        N/A       2%          4
 Excruciating Wounds      Necr           36%        N/A       2%          5
 Ice Form                 Ice/Tmut       45%        N/A       9%          4
 Spider Form              Tmut/Pois      23%        N/A       10%         3
 Simulacrum               Ice/Necr       33%        N/A       24%         6
 Alistair's Intoxication  Tmut/Pois      15%        N/A       65%         5
 Eringya's Noxious Bog    Tmut/Pois      11%        N/A       99%         6


Dungeon Overview and Level Annotations

Branches:
Dungeon (11/15)            Temple (1/1) D:4            Lair (4/6) D:9
 Shoals (0/4) Lair:2        Sewer (visited)
  Snake: Lair:2-4    Spider: Lair:2-4       Orc: D:9-12

Altars:
Ashenzari
Cheibriados
Dithmenos
Elyvilon
Gozag
Hepliaklqana
Kikubaaqudgha
Makhleb
Nemelex Xobeh
Okawaru
Qazlal
Ru
Trog
Uskayaw
Vehumet
Wu Jian
Xom
Yredelemnul
Zin
The Shining One
Lugonu

Shops:
D:3 *   D:8 *

Annotations:
D:3 Natasha
D:7 1 runed translucent door
Lair:2 2 transporters
Lair:3 2 transporters, AbrileMaio's ghost, journeyman SpBr


Message History

Partly explored, unvisited transporter.
Partly explored, unvisited transporter.
The spriggan rider shouts!
The spriggan shouts!
There is a stone staircase leading down here.
You climb downwards.
You feel a wave of frost pass over you.
There is an entrance to an ice cave on this level.
Hurry and find it before the portal melts!
Found 23 stones.
Found an escape hatch in the ceiling.
There is a stone staircase leading up here.
The helpless death yak fails to defend itself.
You spit the death yak like a pig!!!! You freeze the death yak!!
You kill the death yak!
Kikubaaqudgha accepts your kill.
The death yak bellows! x3; You hear an angry hiss. x2; The death yak bellows!
Your Fighting skill increases to level 3!
The death yak barely misses you. The death yak gores you!
The death yak gores you!! x2
* * * LOW HITPOINT WARNING * * *
You climb upwards.
Level annotation: 2 transporters, AbrileMaio's ghost, journeyman SpBr
There is a stone staircase leading down here.
You cannot blink because you are wearing the +0 pair of boots of Duck's Teeth {-Tele rPois rF++ rCorr}.
The death yak gores you.
* * * LOW HITPOINT WARNING * * *
Okay, then.
You feel much better. The death yak gores you. The death yak gores you!!
* * * LOW HITPOINT WARNING * * *
The death yak completely misses you. The death yak barely misses you.
Casting: Borgnjor's Vile Clutch (dangerous; 1% risk of failure)
Confirm with . or Enter, or press ? or * to list all spells.
Aiming: Borgnjor's Vile Clutch (dangerous; 1% risk of failure)
Press: ? - help, Shift-Dir - straight line Zombie hands grab the death yak. x2
The zombie hands constrict the death yak, but do no damage.
The zombie hands constrict the death yak!
The death yak gores you!
You die...
Kikubaaqudgha rasps: "You have failed me!
Welcome... death!"

...#..####.......................
.................................
.................................
.................................
................#.###.#.#...#####
....P..#.#.........#P.......P#
...#...##......P#...........#####
..>##..........##.......#........
...##...##.....Y@......##...###..
....#.........Y##...........# #..
....#.........Y.#.##.####...# ##.
....#....#......#.##...##...#####
...#..##.....................#.#.
...##.#P.........................
............>....................
.................................
.................................


You could see 2 death yaks.

Vanquished Creatures
  Harold (D:8)
  Erica (Lair:1)
  2 two-headed ogres
  A death yak (Lair:4)
  2 lindwurms (Lair:1)
  A manticore (D:9)
  A black mamba (Lair:2)
  8 elephants (Lair:3)
  7 cane toads
  Maggie (D:7)
  2 unseen horrors (D:11)
  4 komodo dragons
  Psyche (D:9)
  A polar bear (Lair:1)
  3 trolls
  4 slime creatures (D:9)
  Grinder (D:3)
  7 blink frogs
  Prince Ribbit (D:9)
  Sigmund (D:3)
  A wyvern (Lair:2)
  A wraith (D:11)
  18 yaks
  A basilisk (D:7)
  2 steam dragons (D:6)
  Menkaure (D:5)
  An acid dragon (D:9)
  11 water moccasins
  A sky beast (D:6)
  3 orc warriors
  A black bear (D:4)
  A necrophage (D:5)
  An ice beast (D:7)
  2 centaurs
  5 wolves (Lair:2)
  4 ogres
  A phantom (D:5)
  10 bullfrogs
  A scorpion (D:5)
  A wyvern zombie (D:7)
  A water moccasin skeleton (D:6)
  7 howler monkeys
  A bullfrog zombie (D:7)
  4 orc priests
  Terence (D:2)
  A bullfrog skeleton (D:5)
  2 iguanas
  Natasha (twice) (D:3)
  4 orc wizards
  2 killer bee zombies
  A hound skeleton (D:4)
  2 howler monkey zombies
  10 adders
  A howler monkey skeleton (D:7)
  A river rat (Sewer)
  A shadow imp (D:7)
  3 ufetubi
  3 worms
  2 dart slugs
  28 orcs
  10 endoplasms
  6 giant cockroaches
  8 goblins
  6 hobgoblins
  10 jackals
  2 quokkas (D:4)
  17 ball pythons
  4 bats
  A frilled lizard (D:3)
  3 goblin skeletons (D:7)
  2 goblin zombies (D:7)
  3 hobgoblin zombies (D:7)
  10 kobolds
  2 kobold skeletons (D:7)
  A kobold zombie (D:7)
  8 rats
  A butterfly (D:5)
288 creatures vanquished.

Vanquished Creatures (collateral kills)
  2 elephants (Lair:3)
  A shadow (D:9)
  4 yaks (D:9)
  2 water moccasins (Lair:1)
  An orc warrior (D:9)
  A bullfrog (Lair:1)
  An orc priest (D:9)
  2 orcs
14 creatures vanquished.

Vanquished Creatures (others)
  32 fungi
  39 plants
71 creatures vanquished.

Grand Total: 373 creatures vanquished

Notes
Turn   | Place    | Note
-------+----------+-------------------------------------------
     0 | D:1      | raph the Deep Elf Earth Elementalist began the quest for
                  | the Orb.
     0 | D:1      | Reached XP level 1. HP: 10/10 MP: 6/6
   390 | D:1      | Reached XP level 2. HP: 15/15 MP: 4/8
   979 | D:1      | Found a faded altar of an unknown god.
  1144 | D:1      | Reached XP level 3. HP: 19/19 MP: 9/9
  1289 | D:1      | Learned a level 2 spell: Passwall
  1293 | D:1      | Learned a level 3 spell: Stone Arrow
  1674 | D:2      | Noticed Terence
  1860 | D:2      | Reached skill level 4 in Earth Magic
  1874 | D:2      | Killed Terence
  2152 | D:2      | Reached XP level 4. HP: 24/24 MP: 6/11
  3008 | D:2      | Identified a scroll of acquirement
  3008 | D:2      | Acquired a book of Pain
  3048 | D:3      | Noticed Grinder
  3052 | D:3      | Noticed Sigmund
  3054 | D:3      | Paralysed by Grinder for 3 turns
  3304 | D:3      | Noticed Natasha
  3308 | D:3      | Killed Natasha
  3309 | D:3      | Reached XP level 5. HP: 17/28 MP: 5/13
  3612 | D:3      | Paralysed by Grinder for 2 turns
  3614 | D:3      | Killed Grinder
  3615 | D:3      | Reached skill level 5 in Earth Magic
  3615 | D:3      | Reached XP level 6. HP: 27/32 MP: 3/15
  3680 | D:3      | Noticed Natasha
  3697 | D:3      | Killed Natasha
  3746 | D:3      | Learned a level 1 spell: Pain
  3778 | D:3      | Found Zin's Purification Station.
  3780 | D:3      | Found a glowing silver altar of Zin.
  4112 | D:3      | Found a broken altar of Ashenzari.
  4171 | D:3      | Found an ornate altar of the Wu Jian Council.
  4174 | D:3      | Noticed Natasha
  4264 | D:3      | Killed Sigmund
  4265 | D:3      | Reached skill level 5 in Spellcasting
  4265 | D:3      | Reached skill level 1 in Necromancy
  4265 | D:3      | Reached skill level 6 in Earth Magic
  4265 | D:3      | Reached XP level 7. HP: 31/36 MP: 10/16
  4699 | D:4      | Found a shadowy altar of Dithmenos.
  4793 | D:4      | Found a staircase to the Ecumenical Temple.
  4812 | Temple   | Entered the Ecumenical Temple
  4853 | Temple   | Became a worshipper of Kikubaaqudgha
  5188 | D:4      | Reached skill level 5 in Stealth
  5430 | D:5      | Entered Level 5 of the Dungeon
  5528 | D:5      | Reached skill level 5 in Dodging
  5829 | D:5      | Reached skill level 7 in Earth Magic
  5829 | D:5      | Reached XP level 8. HP: 39/41 MP: 13/18
  5912 | D:5      | Found a shimmering altar of Xom.
  5912 | D:5      | Noticed Menkaure
  5917 | D:5      | Killed Menkaure
  5952 | D:5      | Reached * piety under Kikubaaqudgha
  5952 | D:5      | Received a gift from Kikubaaqudgha
  6522 | D:6      | Reached skill level 8 in Earth Magic
  6625 | D:6      | Learned a level 1 spell: Animate Skeleton
  6628 | D:6      | Learned a level 2 spell: Sublimation of Blood
  6634 | D:6      | Learned a level 5 spell: Agony
  6638 | D:6      | Learned a level 3 spell: Frozen Ramparts
  6819 | D:6      | Found a glowing drain.
  6848 | Sewer    | Entered a sewer
  7694 | D:6      | Reached ** piety under Kikubaaqudgha
  7695 | D:6      | Reached skill level 1 in Ice Magic
  7695 | D:6      | Reached XP level 9. HP: 43/45 MP: 13/21
  7768 | D:6      | Found a basalt altar of Yredelemnul.
  7971 | D:7      | Found a glowing golden altar of the Shining One.
  8081 | D:7      | Found an opulent altar of Gozag.
  8127 | D:7      | Found a radiant altar of Vehumet.
  8441 | D:7      | Found a hazy altar of Hepliaklqana.
  8567 | D:7      | Reached skill level 5 in Necromancy
  8567 | D:7      | Reached skill level 9 in Earth Magic
  8643 | D:7      | Learned a level 4 spell: Summon Ice Beast
  8684 | D:7      | Noticed Maggie
  8703 | D:7      | Killed Maggie
  8823 | D:7      | Found a runed translucent door.
  8823 | D:7      | Noticed a sixfirhy
  8870 | D:7      | Reached skill level 1 in Summonings
  9447 | D:8      | Found Laubb's Assorted Antiques.
  9450 | D:8      | Bought a blue potion for 20 gold pieces
  9450 | D:8      | Bought a scroll of teleportation for 69 gold pieces
  9467 | D:8      | Identified the ring "Laafelad" {*Corrode rElec Int+4
                  | Slay+4}
  9746 | D:8      | Noticed Harold
  9757 | D:8      | Killed Harold
  9758 | D:8      | Reached XP level 10. HP: 6/50 MP: 7/24
 10677 | D:9      | Noticed Prince Ribbit
 10680 | D:9      | Killed Prince Ribbit
 10694 | D:9      | Reached *** piety under Kikubaaqudgha
 10694 | D:9      | Received a gift from Kikubaaqudgha
 10700 | D:9      | Reached skill level 10 in Earth Magic
 10726 | D:9      | Noticed Psyche
 11114 | D:9      | Killed Psyche
 11280 | D:9      | Found a sacrificial altar of Ru.
 11466 | D:9      | Learned a level 5 spell: Borgnjor's Vile Clutch
 11492 | D:9      | Identified the +0 pair of boots of Duck's Teeth {-Tele
                  | rPois rF++ rCorr}
 11504 | D:9      | Noticed a two-headed ogre
 11512 | D:9      | Killed a two-headed ogre
 11772 | D:9      | Found a staircase to the Lair.
 11884 | D:9      | Noticed a manticore
 11889 | D:9      | Killed a manticore
 11890 | D:9      | Reached XP level 11. HP: 15/54 MP: 19/26
 12169 | D:9      | You fall into a shaft and drop 2 floors!
 12245 | D:11     | Noticed a two-headed ogre
 12251 | D:11     | Killed a two-headed ogre
 12252 | D:11     | Reached skill level 5 in Ice Magic
 12252 | D:11     | Reached skill level 11 in Earth Magic
 12614 | D:11     | Noticed a two-headed ogre
 12617 | D:10     | Entered Level 10 of the Dungeon
 12617 | D:10     | Noticed a death knight
 13071 | Lair:1   | Entered Level 1 of the Lair of Beasts
 13320 | Lair:1   | Reached **** piety under Kikubaaqudgha
 13323 | Lair:1   | Reached skill level 1 in Short Blades
 13492 | Lair:1   | Reached skill level 1 in Fighting
 13611 | Lair:1   | Reached skill level 5 in Summonings
 13673 | Lair:1   | Noticed Erica
 13677 | Lair:1   | Killed Erica
 13830 | Lair:1   | Noticed a lindwurm
 13837 | Lair:1   | Killed a lindwurm
 13847 | Lair:1   | Noticed a lindwurm
 13864 | Lair:1   | Killed a lindwurm
 13964 | Lair:1   | You fall into a shaft and drop 1 floor!
 14639 | Lair:2   | Noticed a boulder beetle
 14639 | Lair:2   | Found a transporter.
 14639 | Lair:2   | Found a transporter.
 15187 | Lair:2   | Found a staircase to the Shoals.
 15246 | Lair:2   | Reached skill level 10 in Spellcasting
 15450 | Lair:2   | Reached skill level 12 in Earth Magic
 15450 | Lair:2   | Reached XP level 12. HP: 60/62 MP: 19/28
 16375 | Lair:2   | Reached skill level 10 in Stealth
 16882 | Lair:3   | Learned a level 4 spell: Anguish
 16913 | Lair:3   | Got Ofyocog's Catalogue of Dark Snow
 17252 | Lair:3   | Reached ***** piety under Kikubaaqudgha
 17509 | Lair:3   | Noticed AbrileMaio's ghost (journeyman SpBr)
 17519 | Lair:3   | Found a transporter.
 17520 | Lair:3   | Found a bloodstained altar of Trog.
 17527 | Lair:3   | Found a transporter.
 17648 | Lair:3   | Reached skill level 5 in Short Blades
 18083 | Lair:4   | Noticed a death yak
 18083 | Lair:4   | Noticed a death yak
 18083 | Lair:4   | Noticed a death yak
 18083 | Lair:4   | Noticed a death yak
 18083 | Lair:4   | Noticed a death yak
 18083 | Lair:4   | Noticed a death yak
 18084 | Lair:4   | Killed a death yak
 18095 | Lair:3   | Mangled by a death yak

Illustrated notes

Levels and vault maps discovered:
D:1:      saegor_arrival_miasma, layout_loops_ring, serial_forest,
          infiniplex_forest_straight_2, infiniplex_forest_lined_corner,
          infiniplex_forest_clump_curved, infiniplex_forest_straight_2,
          dreamdust_ecumenical_altar_angels_and_demons,
          chequers_serial_rivers_room_a, hangedman_decor_diamond_cutter
D:2:      layout_basic, minmay_misc_feat_room, uniq_terence
D:3:      layout_basic, zin_purify, nicolae_overflow_hidden_temple,
          nicolae_overflow_crystal_walls, uniq_natasha, uniq_grinder,
          uniq_sigmund
D:4:      layout_rooms, grunt_dithmenos_smoke,
          minmay_temple_entry_gardened_gates, serial_curves, eino_curves_02,
          eino_curves_02
D:5:      layout_loops_cross, xom_butterflies, enter_ossuary_1, uniq_menkaure
D:6:      layout_cave_pools, mainiacjoe_overflow_small_starburst,
          portal_sewer_entry_c
D:7:      cheibrodos_shockbox, layout_loops_ring, grunt_gozag_statues,
          mainiacjoe_overflow_alcove_1, vehumet_crystals,
          nicolae_tso_besieged_by_evil, hangedman_decor_riveting, uniq_maggie
D:8:      layout_cave_pods, serial_shops, kennysheep_mini, due_unseen_surprise,
          uniq_harold
D:9:      layout_rooms, amcnicky_altar_gilded, dpeg_oklobed_lair,
          uniq_prince_ribbit1, uniq_psyche
D:10:     layout_rooms, fedhas_altar_1, nicolae_sif_muna_little_library,
          kennysheep_diamond, roderic_lattice_a, laboratory
D:11:     layout_loops_ring, orc_0_dummy, nicolae_danse_macabre
Temple:   corrupted_temple
Lair:1:   layout_loops_ring, nicolae_lair_lindhole, uniq_erica
Lair:2:   gammafunk_boulding_lane, layout_gridlike, elwin_shoals_entry_rocks,
          eino_small_chamber_without_monster, grunt_forest_large_clearing_hut
Lair:3:   layout_regular_city, gammafunk_ghost_wrathful_warriors,
          cheibrodos_lair_reptile_den, serial_bayou_shore_b
Lair:4:   nzn_winding_woodlands_medium [nzn_winding_woodlands_5x5_closed_star,
          nzn_winding_woodlands_5x15_pathside_ponds,
          nzn_winding_woodlands_5x5_perimeter, nzn_winding_woodlands_5x5_three,
          nzn_winding_woodlands_center_diamonds,
          nzn_winding_woodlands_5x5_cross,
          nzn_winding_woodlands_5x5_checkerboard,
          nzn_winding_woodlands_5x15_default,
          nzn_winding_woodlands_5x5_default], layout_small_grid,
          spider_nest_entry_funnel_web, portal_ice_cave_rime

Skill      XL: |  1  2  3  4  5  6  7  8  9 10 11 12 |
---------------+-------------------------------------+-----
Stealth        | 3 4 5 6 7 8 9 10 | 10.6
Dodging        | 3 4 5 6 7 8 9 |  9.9
Earth Magic    | 4 5 6 7 8 9 10 12 | 12.8
Spellcasting   | 4 5 7 8 9 10 | 10.7
Necromancy     | 1 2 4 5 6 7 9 |  9.5
Ice Magic      | 1 3 4 6 |  6.0
Summonings     | 2 4 5 |  5.4
Short Blades   | 3 5 |  5.3
Fighting       | 1 3 |  3.0
Transmutations | |  1.1

Action                   |  1- 3 |  4- 6 |  7- 9 | 10-12 || total
-------------------------+-------+-------+-------+-------++-------
Melee: Unarmed           |     1 |       |       |       ||     1
       Short sword       |    46 |       |       |       ||    46
       Rapier            |     7 |    12 |    66 |    92 ||   177
       Punch             |     1 |     1 |       |     2 ||     4
 Cast: Sandblast         |    35 |    25 |   116 |    48 ||   224
       Stone Arrow       |     2 |    19 |    31 |    15 ||    67
       Frozen Ramparts   |       |       |    21 |    24 ||    45
       Animate Skeleton  |       |       |     2 |     9 ||    11
       Passwall          |       |       |     2 |     1 ||     3
       Summon Ice Beast  |       |       |     1 |    14 ||    15
       Agony             |       |       |     1 |     5 ||     6
       Borgnjor's Vile C |       |       |       |    71 ||    71
       Anguish           |       |       |       |     7 ||     7
       Sublimation of Bl |       |       |       |     2 ||     2
  Use: Scroll            |       |     5 |    18 |     6 ||    29
       Potion            |       |       |       |     2 ||     2
 Stab: Sleeping          |     4 |       |     3 |     3 ||    10
Armor: Robe              |    17 |     7 |    35 |     3 ||    62
       Troll leather arm |       |       |       |    18 ||    18
       Acid dragon scale |       |       |       |    61 ||    61
Dodge: Dodged            |    52 |    13 |    60 |   137 ||   262
